 Dungeon Crawl Stone Soup version 0.27-a0-1202-ge72e49191c (webtiles) character file.

Game seed: 6825042578856575434

3253 Kinoniko the Cleaver (level 10, -9/111 HPs)
             Began as an Ogre Berserker on June 3, 2021.
             Was an Elder of Trog.
             Mangled by a komodo dragon (17 damage)
             ... on level 8 of the Dungeon.
             The game lasted 00:07:59 (8113 turns).

Kinoniko the Cleaver (Ogre Berserker)               Turns: 8113, Time: 00:07:59

Health: -9/111     AC: 12    Str: 26    XL:     10   Next: 0%
Magic:  10/10      EV: 10    Int:  8    God:    Trog [****..]
Gold:   244        SH:  0    Dex:  8    Spells: 9/9 levels left

rFire    . . .     SeeInvis .   j - +1 hand axe (flame)
rCold    . . .     Faith    .   (no shield)
rNeg     . . .     Spirit   .   b - +0 animal skin
rPois    .         Reflect  .   (helmet restricted)
rElec    .         Harm     .   c - +0 cloak
rCorr    .         Rampage  .   (gloves unavailable)
Will     +....                  (boots unavailable)
Stlth    +.........             (no amulet)
HPRegen  0.28/turn              f - +4 ring of slaying
MPRegen  0.12/turn              w - ring of the Tortoise {AC+8}

@: on berserk cooldown, slowed, very slow
A: large, unfitting armour, tough skin 1
a: Renounce Religion, Berserk, Trog's Hand, Brothers in Arms


You were on level 8 of the Dungeon.
You worshipped Trog.
Trog was greatly pleased with you.
You visited 1 branch of the dungeon, and saw 8 of its levels.

You collected 343 gold pieces.
You spent 99 gold pieces at shops.

Inventory:

Hand Weapons
 j - a +1 hand axe of flaming (weapon)
Missiles
 p - 8 curare-tipped darts
Armour
 b - a +0 animal skin (worn)
 c - a +0 cloak (worn)
 i - a scarf of resistance
Jewellery
 f - a +4 ring of slaying (left hand)
 q - a +4 ring of protection
 s - a ring of positive energy
 v - a ring of fire
 w - the ring of the Tortoise (right hand) {AC+8}
   (You found it on level 6 of the Dungeon)

   [ring of protection]

   It affects your AC (+8).
Wands
 n - a wand of iceblast (10)
 r - a wand of flame (11)
Scrolls
 h - a scroll of immolation
 k - 2 scrolls of teleportation
 u - a scroll of enchant armour
Potions
 a - a potion of flight
 d - a potion of attraction {unknown}
 e - 4 potions of might
 g - 2 potions of haste
 l - 2 potions of resistance
 m - 5 potions of curing
 o - 2 potions of brilliance {unknown}
 t - a potion of invisibility


   Skills:
 + Level 10.9 Fighting
 * Level 11.4 Axes
 - Level 2.6 Dodging


You had 9 spell levels left.
You didn't know any spells.
Your spell library contained the following spells:

 Spells                   Type           Power      Damage    Failure   Level
 Confusing Touch          Hex            0%         N/A       78%         3
 Gell's Gravitas          Tloc           0%         N/A       78%         3
 Petrify                  Tmut/Erth      0%         N/A       99%         4
 Metabolic Englaciation   Hex/Ice        0%         N/A       100%        5
 Yara's Violent Unravell  Hex/Tmut       0%         3d3       100%        5


Dungeon Overview and Level Annotations

Branches:
Dungeon (7/15)             Temple (0/1) D:5

Altars:
Fedhas
Gozag
Kikubaaqudgha
Makhleb
Qazlal
Uskayaw
Vehumet
Zin

Shops:
D:2 !


Innate Abilities, Weirdness & Mutations

You are too large for most types of armour.
You have tough skin. (AC +1)


Message History

Trog accepts your kill.
You slash the black bear! You burn the black bear.
The black bear is heavily wounded.
The black bear barely misses you.
The black bear claws you but does no damage. x2
You slash the black bear! You burn the black bear.
You kill the black bear!
Trog accepts your kill.
You have reached level 10!
Okay, then.
You slash the komodo dragon! You burn the komodo dragon.
The komodo dragon is moderately wounded.
The komodo dragon misses you.
You hit the komodo dragon but do no damage.
The komodo dragon is moderately wounded.
The komodo dragon bites you!
You slash the komodo dragon! You burn the komodo dragon.
The komodo dragon is heavily wounded.
The komodo dragon bites you!
The komodo dragon bites you but does no damage.
You hit the komodo dragon. You burn the komodo dragon.
The komodo dragon is heavily wounded.
The komodo dragon bites you!
You barely miss the komodo dragon.
The komodo dragon is heavily wounded.
The komodo dragon misses you.
You hit the komodo dragon. You burn the komodo dragon.
The komodo dragon is heavily wounded.
The komodo dragon hisses menacingly.
The komodo dragon bites you!!
Okay, then.
You fail to use your ability.
The komodo dragon bites you but does no damage.
The komodo dragon closely misses you.
Unknown command.
You fail to use your ability.
The komodo dragon bites you!!
* * * LOW HITPOINT WARNING * * *
Unknown command.
You fail to use your ability.
The komodo dragon bites you!
You die...

#.# ...P.
#.....P..
#.#...(..
#.#.P.P.#
#......P#
#.......#
#†#..P..#
#l# .....
#@# .l..
#.# P..
#.# ..
#.# . #.#
#.#
#.#####.#
#.......#
#########


You could see a komodo dragon.

Vanquished Creatures
  A two-headed ogre (D:6)
  An acid dragon (D:5)
  An ice beast (D:6)
  5 black bears
  2 sky beasts (D:6)
  2 necrophages
  An ogre (D:6)
  2 centaurs (D:6)
  A phantom (D:3)
  A kobold brigand (D:6)
  A bullfrog (D:8)
  3 water moccasin skeletons
  3 centaur zombies
  3 bullfrog zombies
  An orc priest (D:8)
  2 gnoll shamans
  A centaur skeleton (D:6)
  3 hounds
  Natasha (thrice) (D:3)
  2 iguanas
  5 orc wizards
  A killer bee zombie (D:5)
  A hound zombie (D:5)
  8 gnolls
  5 adders
  A shadow imp (D:5)
  3 worms
  3 dart slugs
  17 orcs
  14 endoplasms
  6 giant cockroaches
  8 goblins
  10 hobgoblins
  8 jackals
  9 quokkas
  7 ball pythons
  9 bats
  7 frilled lizards
  12 kobolds
  3 rats
176 creatures vanquished.

Vanquished Creatures (collateral kills)
  An orc warrior (D:7)
  An orc priest (D:7)
  An orc (D:7)
3 creatures vanquished.

Vanquished Creatures (others)
  A hound (D:6)
  3 fungi (D:8)
  3 plants (D:8)
  A withered plant (D:6)
8 creatures vanquished.

Grand Total: 187 creatures vanquished

Notes
Turn   | Place    | Note
-------+----------+-------------------------------------------
     0 | D:1      | Kinoniko the Ogre Berserker began the quest for the Orb.
     0 | D:1      | Reached XP level 1. HP: 24/24 MP: 1/1
   115 | D:1      | Reached XP level 2. HP: 18/32 MP: 2/2
   673 | D:1      | Reached XP level 3. HP: 37/40 MP: 3/3
   750 | D:1      | Found a faded altar of an unknown god.
  1237 | D:2      | Reached skill level 4 in Axes
  1308 | D:2      | HP: 1/60 [iguana (7)]
  1309 | D:2      | Reached ** piety under Trog
  1310 | D:2      | Reached XP level 4. HP: 2/49 MP: 4/4
  1602 | D:2      | Found a hide-covered altar of Uskayaw.
  1763 | D:2      | Found Uwulec's Distillery.
  1767 | D:2      | Bought 2 potions of curing for 66 gold pieces
  1767 | D:2      | Bought a potion of curing for 33 gold pieces
  1775 | D:2      | Reached skill level 5 in Fighting
  2566 | D:3      | Noticed Natasha
  2576 | D:3      | Killed Natasha
  2598 | D:3      | Reached XP level 5. HP: 49/57 MP: 5/5
  2668 | D:3      | Noticed Natasha
  2676 | D:3      | Killed Natasha
  2677 | D:3      | Reached skill level 5 in Axes
  2777 | D:3      | Noticed a phantom
  2785 | D:3      | Killed a phantom
  2854 | D:3      | Noticed Natasha
  2857 | D:3      | Killed Natasha
  2858 | D:3      | Reached XP level 6. HP: 64/67 MP: 6/6
  3201 | D:3      | Reached *** piety under Trog
  3216 | D:3      | Reached skill level 6 in Axes
  3571 | D:4      | Noticed a black bear
  3952 | D:4      | Killed a black bear
  3953 | D:4      | Reached XP level 7. HP: 76/76 MP: 7/7
  4165 | D:4      | Reached skill level 7 in Axes
  5185 | D:4      | Found a burning altar of Makhleb.
  5401 | D:5      | Entered Level 5 of the Dungeon
  5593 | D:5      | Found a radiant altar of Vehumet.
  5603 | D:5      | Reached XP level 8. HP: 80/87 MP: 8/8
  5797 | D:5      | Reached skill level 8 in Axes
  6066 | D:5      | Found a staircase to the Ecumenical Temple.
  6076 | D:5      | Reached **** piety under Trog
  6092 | D:5      | You fall into a shaft and drop 1 floor!
  6093 | D:6      | Found an ancient bone altar of Kikubaaqudgha.
  6094 | D:6      | Found a blossoming altar of Fedhas.
  6157 | D:6      | Noticed a two-headed ogre
  6164 | D:6      | Killed a two-headed ogre
  6165 | D:6      | Reached skill level 9 in Axes
  6165 | D:6      | Reached XP level 9. HP: 98/98 MP: 9/9
  6472 | D:6      | Reached skill level 10 in Axes
  6821 | D:5      | Reached skill level 10 in Fighting
  7705 | D:6      | Found the ring of the Tortoise {AC+8}
  7708 | D:6      | Found a stormy altar of Qazlal.
  7741 | D:6      | Found an opulent altar of Gozag.
  7742 | D:6      | Found a glowing silver altar of Zin.
  7747 | D:6      | Reached skill level 11 in Axes
  8057 | D:7      | You fall into a shaft and drop 1 floor!
  8086 | D:8      | Noticed a komodo dragon
  8105 | D:8      | Reached XP level 10. HP: 87/111 MP: 10/10
  8113 | D:8      | Mangled by a komodo dragon

Illustrated notes

Levels and vault maps discovered:
D:1:      scummos_arrival_simple_crosswalls, layout_rooms,
          shapermc_ecumenical_altar_venn
D:2:      layout_basic, serial_shops, nicolae_shop_behind_doors, basic_altar
D:3:      layout_rooms, st_stairs_10, uniq_natasha
D:4:      layout_layer_cave, makhleb_heckhound_becter,
          minmay_misc_feat_nine_boxes
D:5:      layout_basic, vehumet_altar_wand_db, minmay_temple_entry_ruins
D:6:      minmay_recursive_quarters, layout_basic,
          grunt_temple_overflow_growth_and_decay,
          grunt_temple_overflow_gold_and_silver, grunt_qazlal_clouds
D:7:      layout_loops_ring, nicolae_overflow_hidden_temple, slow_altar_1,
          nicolae_ossuary_entry_ruins, hangedman_decor_diamond_cutter,
          lightli_orcish_oven
D:8:      gammafunk_indiana_jones, layout_loops_ring,
          nicolae_uskayaw_dance_studio, nicolae_wu_jian_immortal_techniques,
          lemuel_crystal_altar, grunt_lair_entry_orc_guard_hut, serial_shops,
          kennysheep_mini, grunt_decor_junction, minmay_misc_feat_five

Skill      XL: |  1  2  3  4  5  6  7  8  9 |
---------------+----------------------------+-----
Axes           | 4 5 6 7 9 11 | 11.4
Fighting       | 5 6 7 9 10 | 10.9
Dodging        | |  2.6

Action                   |  1- 3 |  4- 6 |  7- 9 | 10-12 || total
-------------------------+-------+-------+-------+-------++-------
Melee: Hand axe          |   102 |   148 |   192 |     6 ||   448
Invok: Berserk           |     4 |     8 |    11 |       ||    23
       Trog's Hand       |       |       |     1 |       ||     1
       Brothers in Arms  |       |       |     1 |       ||     1
  Use: Scroll            |       |     7 |     6 |       ||    13
       Potion            |       |       |     1 |       ||     1
 Stab: Sleeping          |       |     1 |       |       ||     1
Armor: Animal skin       |    41 |    26 |    77 |     2 ||   146
Dodge: Dodged            |    62 |    77 |    98 |     3 ||   240

Table legend: (Time is in decaauts)
 A = Elapsed time spent in this place.
 B = Non-inter-level travel time spent in this place.
 C = Inter-level travel time spent in this place.
 D = Time resting spent in this place.
 E = Time spent auto-exploring this place.
 F = Levels seen in this place.
 G = Mean time per level.
                   A        B        C        D        E       F      G
               +--------+--------+--------+--------+--------+-----+--------+
         Total |   8304 |   8171 |    133 |   2015 |   5110 |   8 | 1038.0 |
       Dungeon |   8304 |   8171 |    133 |   2015 |   5110 |   8 | 1038.0 |
               +--------+--------+--------+--------+--------+-----+--------+

Top non-repeatable levels by time:
     D:4: 1877 daAuts
     D:2: 1597 daAuts
     D:6: 1520 daAuts
     D:3: 1084 daAuts
     D:5: 1075 daAuts
     D:1: 997 daAuts
     D:7: 96 daAuts
     D:8: 56 daAuts
